 Dungeon Crawl Stone Soup version 0.20.1-1-g8b1a95d (webtiles) character file.

388 letownia2 the Reanimator (level 6, -7/51 HPs)
             Began as a Deep Dwarf Necromancer on Nov 28, 2017.
             Shot with an arrow by a centaur (9 damage)
             ... on level 5 of the Dungeon.
             The game lasted 00:07:13 (2238 turns).

letownia2 the Reanimator (Deep Dwarf Necromancer)   Turns: 2238, Time: 00:07:14

Health: -7/51      AC:  6    Str: 12    XL:     6   Next: 49%
Magic:  3/9        EV: 11    Int: 17    God:
Gold:   117        SH:  0    Dex: 11    Spells: 6/10 levels left

rFire    . . .     SeeInvis .   a - +0 hand axe
rCold    . . .     Gourm    .   (no shield)
rNeg     . . .     Faith    .   h - +0 ring mail
rPois    .         Spirit   .   (no helmet)
rElec    .         Reflect  .   (no cloak)
rCorr    .         Harm     .   q - +0 pair of gloves
MR       .....                  (no boots)
Stlth    +.........             (no amulet)
Regen    0.0/turn               f - -2 ring of dexterity (curse)
MPRegen  0.2/turn               (no ring)

@: non-regenerating
A: damage resistance, heal wounds, sense surroundings 1, no regeneration
a: Heal Wounds


You were on level 5 of the Dungeon.
You were hungry.

You visited 1 branch of the dungeon, and saw 5 of its levels.
You also visited: Sewer.

You collected 117 gold pieces.

Inventory:

Hand Weapons
 a - a +0 hand axe (weapon)
 l - a +1 morningstar
Armour
 h - a +0 ring mail (worn)
 q - a +0 pair of gloves (worn)
Jewellery
 f - a cursed -2 ring of dexterity (left hand)
Wands
 k - a wand of confusion (47/48)
 p - a wand of flame (29/48)
Scrolls
 g - 4 scrolls of teleportation
 o - 4 scrolls of remove curse
Potions
 d - a potion of might {unknown}
 e - 2 potions of flight
 i - a potion of magic {unknown}
 j - 4 potions of curing {unknown}
Books
 b - a book of Necromancy

   Spells                             Type                      Level
   a - Pain                           Necromancy                   1
   b - Animate Skeleton               Necromancy                   1
   c - Vampiric Draining              Necromancy                   3
   d - Regeneration                   Charms/Necromancy            3
   e - Animate Dead                   Necromancy                   4
   f - Control Undead                 Necromancy                   4
Comestibles
 c - 2 bread rations
 r - 4 fruits


   Skills:
 + Level 1.1 Fighting
 - Level 2.1 Dodging
 - Level 2.4 Stealth
 + Level 2.5 Spellcasting
 - Level 8.0 Necromancy


You had 6 spell levels left.
You knew the following spells:

 Your Spells              Type           Power        Failure   Level  Hunger
a - Pain                  Necr           ####         1%          1    #......
v - Vampiric Draining     Necr           ####......   4%          3    ###....


Dungeon Overview and Level Annotations

Branches:
Dungeon (5/15)
 Temple: D:4-7

Altars:


Innate Abilities, Weirdness & Mutations

You are resistant to damage.
You can heal yourself by infusing magical energy.
You passively map a small area around you.
You do not regenerate.


Message History

You feel aware of your surroundings.
You sensed 1 altar, and 1 shop/portal.
It was a scroll of magic mapping.
As you read the scroll labeled LUISHR IDGHUCE, it crumbles to dust.
It is a scroll of identify.
k - a wand of confusion (48/48)
The centaur unwields an uncursed shortbow.
The centaur hits you.
* * * LOW HITPOINT WARNING * * *
Unknown command.
Unknown command.
Unknown command.
Unknown command.
Evoke which item? (* to show all) (? for menu, Esc to quit)
Aiming: Confuse
Press: ? - help, Shift-Dir - straight line, f/p - centaur
Aim: a centaur (chance to defeat MR: 46%)
The centaur appears confused.
This wand has 47 charges left.
The centaur gestures wildly.
The centaur shoots an arrow.
The arrow hits you!
You die...

##.. ##... #.... #....
#########....
###########............
#........##.######.....
#.....c.(##.# ##.#...
#...c.@..##.# #......
####.###....#####.#....
#(######...##..#....
#.(.# #.#.##.##....
#(#.## #.#.#####....
##c...#*#####*,*##...
#.(#'##≈,≈≈,,*,,*##.<
#(##.#≈≈,,≈,,'*,* ###
#(##.#≈≈,≈,,,,*,*


You could see 2 centaurs.

Vanquished Creatures
  Purgy (Sewer)
  A centaur (D:5)
  An orc wizard (D:4)
  An orc priest (D:4)
  3 worker ants
  A hound skeleton (D:4)
  2 adders
  An ooze (D:4)
  An adder zombie (D:5)
  A dart slug (D:1)
  6 leopard geckos
  3 orcs (D:4)
  5 giant cockroaches
  A goblin (D:2)
  A hobgoblin (D:3)
  3 jackals (D:4)
  2 quokkas
  2 ball pythons (Sewer)
  3 bats
  3 frilled lizards (Sewer)
  A quokka skeleton (D:5)
43 creatures vanquished.

Notes
Turn   | Place    | Note
-------+----------+-------------------------------------------
     0 | D:1      | letownia2 the Deep Dwarf Necromancer began the quest for the Orb.
     0 | D:1      | Reached XP level 1. HP: 15/15 MP: 3/3
   260 | D:3      | Noticed a howler monkey
   291 | D:2      | Reached XP level 2. HP: 22/22 MP: 3/5
   609 | D:4      | Reached skill level 5 in Necromancy
   609 | D:4      | Reached XP level 3. HP: 6/28 MP: 0/6
   620 | D:4      | Learned a level 3 spell: Vampiric Draining
   765 | D:4      | Found a glowing drain.
   858 | Sewer    | Entered a sewer
  1027 | Sewer    | Noticed Purgy
  1046 | Sewer    | Killed Purgy
  1046 | Sewer    | Reached skill level 6 in Necromancy
  1046 | Sewer    | Reached XP level 4. HP: 19/36 MP: 7/7
  1046 | Sewer    | Reached XP level 5. HP: 23/42 MP: 8/8
  1221 | D:4      | Reached skill level 7 in Necromancy
  1742 | D:4      | Reached XP level 6. HP: 31/49 MP: 1/9
  1988 | D:5      | Entered Level 5 of the Dungeon
  2060 | D:5      | Reached skill level 8 in Necromancy
  2211 | D:5      | Reached skill level 1 in Fighting
  2237 | D:5      | HP: 2/51 [centaur (2)]
  2238 | D:5      | Shot with an arrow by a centaur

Skill      XL: |  1  2  3  4  5  6 |
---------------+-------------------+-----
Spellcasting   | 2 |  2.5
Necromancy     | 5 6 7 8 |  8.0
Fighting       | 1 |  1.1
Dodging        | |  2.1
Stealth        | |  2.4

Action                   |  1- 3 |  4- 6 || total
-------------------------+-------+-------++-------
Melee: Morningstar       |    14 |    17 ||    31
       Unarmed           |     1 |       ||     1
       Hand axe          |       |    16 ||    16
 Cast: Pain              |    30 |    18 ||    48
       Vampiric Draining |     9 |    13 ||    22
Evoke: Wand              |     1 |     2 ||     3
  Use: Scroll            |     3 |     3 ||     6
       Potion            |       |     1 ||     1
  Eat: Chunk             |     2 |     5 ||     7
Armor: Robe              |     8 |       ||     8
       Ring mail         |    17 |    27 ||    44
Dodge: Dodged            |    52 |    41 ||    93
